 Dungeon Crawl Stone Soup version 0.28-a0-845-gfc338a8e3c (webtiles) character file.

Game seed: 3112124568781735936

2975 Rennog the Fighter (level 9, -5/133 HPs)
             Began as a Minotaur Fighter on Nov 13, 2021.
             Was a Follower of Makhleb.
             Slain by Grum (10 damage)
             ... on level 8 of the Dungeon.
             The game lasted 00:07:17 (7626 turns).

Rennog the Fighter (Minotaur Fighter)               Turns: 7626, Time: 00:07:17

Health: -5/133     AC: 24    Str: 22    XL:     9   Next: 53%
Magic:  8/8        EV:  2    Int:  5    God:    Makhleb [*.....]
Gold:   420        SH:  5    Dex: 12    Spells: 8/8 levels left

rFire   . . .      SeeInvis .   a - +0 war axe
rCold   . . .      Faith    .   c - +0 buckler
rNeg    . . .      Spirit   .   (armour currently unavailable)
rPois   +          Reflect  .   (helmet currently unavailable)
rElec   .          Harm     .   (cloak currently unavailable)
rCorr   .          Rampage  .   (gloves currently unavailable)
Will    .....      NoTele   +   (boots currently unavailable)
Stlth   +.........              (no amulet)
HPRegen 0.32/turn               r - +4 ring of slaying
MPRegen 0.11/turn               B - +4 ring of evasion

@: brilliant, lethally poisoned (-5 -> -8), tree-form, hasted, very quick
A: stationary, stasis, torment immunity, boosted hp, (horns 2), (retaliatory
headbutt)
a: Renounce Religion


You were on level 8 of the Dungeon.
You worshipped Makhleb.
Makhleb was aware of your devotion.
You were a tree.
You visited 2 branches of the dungeon, and saw 9 of its levels.

You collected 420 gold pieces.

Inventory:

Hand Weapons
 a - a +0 war axe (weapon)
Armour
 b - a +0 scale mail
 c - a +0 buckler (worn)
 l - a +0 chain mail (melded)
 w - a +2 cloak (melded)
Jewellery
 r - a +4 ring of slaying (left branch)
 v - a ring of fire
 B - a +4 ring of evasion (right branch)
Wands
 k - a wand of polymorph (10)
 x - a wand of digging (18)
 F - a wand of flame (17)
Scrolls
 f - 5 scrolls of teleportation {unknown}
 h - 4 scrolls of identify {unknown}
 m - a scroll of vulnerability {unknown}
 n - 2 scrolls of enchant armour {unknown}
 p - 2 scrolls of enchant weapon {unknown}
 q - a scroll of torment {unknown}
 s - a scroll of noise {unknown}
 y - a scroll of silence {unknown}
 z - a scroll of magic mapping {unknown}
 C - a scroll of fear {unknown}
Potions
 d - a potion of might
 e - 2 potions of haste
 g - a potion of magic {unknown}
 i - a potion of ambrosia {unknown}
 j - a potion of lignification
 o - 2 potions of curing {unknown}
 t - a potion of brilliance
 u - a potion of resistance {unknown}
 A - 2 potions of mutation {unknown}
 D - 2 potions of attraction {unknown}


   Skills:
 - Level 11.0 Fighting
 * Level 8.4 Axes
 - Level 6.0 Armour
 - Level 4.8 Dodging
 - Level 0.8 Stealth
 - Level 6.0 Shields


You had 8 spell levels left.
You didn't know any spells.
Your spell library contained the following spells:

 Spells                   Type           Power      Damage    Failure   Level
 Beastly Appendage        Tmut           0%         N/A       47%         1
 Freeze                   Ice            0%         1d3       47%         1
 Passwall                 Tmut/Erth      0%         N/A       63%         2
 Wereblood                Tmut           0%         N/A       63%         2
 Frozen Ramparts          Ice            0%         1d2       85%         3
 Spider Form              Tmut/Pois      0%         N/A       85%         3
 Swiftness                Air            0%         N/A       85%         3
 Hailstorm                Conj/Ice       0%         3d3       99%         4


Dungeon Overview and Level Annotations

Branches:
Dungeon (8/15)             Temple (1/1) D:4
   Lair: D:8-11

Altars:
Ashenzari
Cheibriados
Dithmenos
Elyvilon
Fedhas
Gozag
Hepliaklqana
Kikubaaqudgha
Makhleb
Nemelex Xobeh
Qazlal
Ru
Sif Muna
Trog
Uskayaw
Vehumet
Wu Jian
Xom
Yredelemnul
Zin
The Shining One

Shops:
D:1 *   D:2 *   D:5 [

Annotations:
D:8 Grum, Maurice


Innate Abilities, Weirdness & Mutations

You are a tree.
Your roots penetrate the ground, keeping you stationary.
You cannot be teleported.
You are immune to unholy pain and torment.
Your maximum health is greatly increased.
Your equipment is partially melded.
((You have a pair of horns on your head.))
((You reflexively headbutt those who attack you in melee.))


Message History

You block Grum's attack.
Maurice casts a spell.
Maurice flickers and vanishes!
Deactivating autopickup; reactivate with Ctrl-A.
You miss something. Your headbutt misses something. You block Grum's attack.
Something barely misses you.
Grum hits you from afar with a +0 spear of venom!
You are poisoned.
You miss something.
You feel very sick.
You hear a zap.
An iceblast appears from out of thin air!
The mass of ice explodes!
The iceblast engulfs you!
The iceblast engulfs something!
You block Grum's attack.
You hit something.
You feel very sick.
You hear a zap.
An iceblast appears from out of thin air!
The mass of ice explodes!
The iceblast engulfs you!!
* * * LOW HITPOINT WARNING * * *
The iceblast engulfs something!
Grum barely misses you.
You hear a shout!
It was a potion of haste.
You feel yourself speed up.
* * * LOW HITPOINT WARNING * * *
You feel sick.
You hear some strange, mumbled words.
Grum barely misses you.
It was a potion of lignification.
You turn into a tree.
Your +2 cloak melds into your body.
Your +0 chain mail melds into your body.
Your roots penetrate the ground.
You feel sick.
You hear a zap.
An iceblast appears from out of thin air!
The mass of ice explodes!
The iceblast engulfs you.
* * * LOW HITPOINT WARNING * * *
It was a potion of brilliance.
You feel clever all of a sudden.
You feel sick.
Grum hits you from afar with a +0 spear of venom!
You die...

...$...........## ..
.....!.... #....# ...
.... #...# #...)######...
....o #.###...)..#......
.....g##.##....).........
.......oh#...............
..######g#......)...<....
#)................
#####♣................
...{..§.................
#.###.$.#......)........
./..#.#...............
..####.###....)##.....# #
#.# #.###).####### ...
#....#..# ... ##...##.##
#...##..#


You could see Grum, a wolf and an orc.

Vanquished Creatures
  Maggie (D:8)
  A wyvern (D:8)
  2 water moccasins
  Duvessa (D:7)
  A black bear (D:7)
  2 orc warriors
  2 ice beasts
  3 ogres
  3 wolves (D:8)
  2 kobold brigands (D:7)
  A bullfrog (D:8)
  4 scorpions
  Dowan (D:7)
  4 wights (D:8)
  3 howler monkeys (D:8)
  A centaur zombie (D:5)
  2 hounds (D:4)
  4 jellies
  An iguana (D:4)
  2 orc wizards
  A scorpion zombie (D:5)
  2 hound skeletons (D:4)
  A howler monkey zombie (D:5)
  3 adders
  4 gnolls (D:5)
  A shadow imp (D:8)
  A white imp (D:8)
  An ufetubus (D:5)
  A dart slug (D:2)
  11 orcs
  5 ball pythons
  5 bats
  6 endoplasms
  2 goblins (D:4)
  5 hobgoblins
  7 jackals
  A quokka (D:5)
  A frilled lizard (D:1)
  7 kobolds
  2 rats (D:1)
108 creatures vanquished.

Notes
Turn   | Place    | Note
-------+----------+-------------------------------------------
     0 | D:1      | Rennog the Minotaur Fighter began the quest for the Orb.
     0 | D:1      | Reached XP level 1. HP: 19/19 MP: 0/0
   125 | D:1      | Reached skill level 4 in Fighting
   405 | D:1      | Reached XP level 2. HP: 28/28 MP: 1/1
   452 | D:1      | Found Rydi's General Store.
   527 | D:1      | Found a faded altar of an unknown god.
   528 | D:1      | Noticed a shining eye
   530 | D:1      | Noticed an eye of devastation
   544 | D:1      | Noticed a great orb of eyes
  1086 | D:1      | Noticed a golden eye
  1107 | D:1      | Prayed at the altar of an unknown god.
  1107 | D:1      | Became a worshipper of Uskayaw the Reveller
  1107 | D:1      | Reached * piety under Uskayaw
  1285 | D:2      | Found a radiant altar of Vehumet.
  1418 | D:2      | Found Axtijoj's Assorted Antiques.
  1530 | D:2      | Reached ** piety under Uskayaw
  1539 | D:2      | Reached skill level 5 in Fighting
  1539 | D:2      | Reached XP level 3. HP: 33/36 MP: 2/2
  2142 | D:3      | Reached *** piety under Uskayaw
  2194 | D:3      | Reached skill level 1 in Dodging
  2546 | D:4      | Reached XP level 4. HP: 44/44 MP: 3/3
  2553 | D:4      | Reached skill level 6 in Fighting
  2735 | D:4      | Noticed a scorpion
  2738 | D:4      | Killed a scorpion
  2739 | D:4      | Reached XP level 5. HP: 51/51 MP: 4/4
  2840 | D:4      | Reached skill level 7 in Fighting
  3038 | D:4      | Noticed an ogre
  3044 | D:4      | Killed an ogre
  3045 | D:4      | Reached skill level 8 in Fighting
  3045 | D:4      | Reached XP level 6. HP: 27/61 MP: 1/5
  3257 | D:4      | Found a staircase to the Ecumenical Temple.
  3350 | Temple   | Entered the Ecumenical Temple
  3724 | Temple   | Fell from the grace of Uskayaw
  3724 | Temple   | Became a worshipper of Makhleb the Destroyer
  4198 | D:4      | Noticed a water moccasin
  4209 | D:4      | Killed a water moccasin
  4210 | D:4      | Reached skill level 9 in Fighting
  4210 | D:4      | Reached XP level 7. HP: 42/70 MP: 6/6
  4649 | D:5      | Entered Level 5 of the Dungeon
  4845 | D:5      | Found Wial's Armour Boutique.
  4879 | D:5      | Reached skill level 10 in Fighting
  5061 | D:5      | Reached * piety under Makhleb
  5070 | D:5      | Reached skill level 11 in Fighting
  5367 | D:6      | Reached XP level 8. HP: 82/82 MP: 7/7
  6326 | D:7      | Reached skill level 5 in Armour
  6326 | D:7      | Reached skill level 5 in Shields
  6368 | D:7      | Noticed Dowan
  6371 | D:7      | Noticed Duvessa
  6376 | D:7      | Killed Dowan
  6382 | D:7      | Killed Duvessa
  6732 | D:7      | Found a large runed translucent door.
  6736 | D:7      | Found a large runed translucent door.
  6736 | D:7      | Found a shimmering altar of Xom.
  7493 | D:8      | Reached XP level 9. HP: 89/89 MP: 8/8
  7541 | D:8      | Reached skill level 5 in Axes
  7547 | D:8      | Noticed Maggie
  7570 | D:8      | Killed Maggie
  7611 | D:8      | Noticed Grum
  7613 | D:8      | Noticed Maurice
  7625 | D:8      | HP: 6/133 [something/iceblast (5)]
  7626 | D:8      | Slain by Grum

Illustrated notes

Levels and vault maps discovered:
D:1:      mrwooster_arrival_arrow, layout_basic,
          hellmonk_ecumenical_altar_watching_god, serial_shops,
          nicolae_diamond_shop
D:2:      layout_basic, basic_altar, serial_shops, shop
D:3:      layout_rooms, chequers_serial_rivers_micro_a, item_on_display_b
D:4:      layout_basic, minmay_temple_entry_nine_rooms, nrook_uturn
D:5:      layout_cave_pools, serial_shops, nicolae_lakefront_shop,
          minmay_fractal_squares_5
D:6:      layout_basic
D:7:      due_chaos_kobolds, layout_gridville, uniq_duvessa
D:8:      layout_rooms, lair_entry_dummy, special_room [special_room_orc],
          uniq_grum, uniq_maurice, uniq_maggie
Temple:   mainiacjoe_temple_circle_huts

Skill      XL: |  1  2  3  4  5  6  7  8  9 |
---------------+----------------------------+-----
Fighting       | 4 5 6 8 9 11 | 11.0
Dodging        | 1 2 4 |  4.8
Armour         | 6 |  6.0
Shields        | 6 |  6.0
Axes           | 3 8 |  8.4
Stealth        | |  0.8

Action                   |  1- 3 |  4- 6 |  7- 9 || total
-------------------------+-------+-------+-------++-------
Melee: War axe           |    88 |    43 |   147 ||   278
       Headbutt          |     7 |    12 |    34 ||    53
Invok: Stomp             |       |     1 |       ||     1
  Use: Potion            |       |       |     4 ||     4
 Stab: Paralysed         |     1 |       |       ||     1
Armor: Scale mail        |    41 |       |       ||    41
       Chain mail        |    13 |    23 |    85 ||   121
Dodge: Dodged            |    61 |    14 |    79 ||   154
Block: Buckler           |    30 |    12 |    38 ||    80

Table legend: (Time is in decaauts)
 A = Elapsed time spent in this place.
 B = Non-inter-level travel time spent in this place.
 C = Inter-level travel time spent in this place.
 D = Time resting spent in this place.
 E = Time spent auto-exploring this place.
 F = Levels seen in this place.
 G = Mean time per level.
                   A        B        C        D        E       F      G
               +--------+--------+--------+--------+--------+-----+--------+
         Total |   7722 |   7397 |    325 |      0 |   6566 |   9 |  858.0 |
       Dungeon |   7336 |   7121 |    215 |      0 |   6312 |   8 |  917.0 |
        Temple |    385 |    275 |    110 |      0 |    254 |   1 |  385.0 |
               +--------+--------+--------+--------+--------+-----+--------+

Top non-repeatable levels by time:
     D:4: 1736 daAuts
     D:7: 1397 daAuts
     D:1: 1135 daAuts
     D:2: 940 daAuts
     D:6: 697 daAuts
     D:5: 693 daAuts
     D:3: 501 daAuts
  Temple: 385 daAuts
     D:8: 234 daAuts
